 Dungeon Crawl Stone Soup version 0.29.1-12-g30fa7ad0bf (webtiles) character file.

Game seed: 13214204861408603951

60 Descartes the Shield-Bearer (level 4, -1/37 HPs)
             Began as a Formicid Fighter on Dec 19, 2022.
             Slain by a gnoll
             ... wielding a +1 whip of electrocution
              (10 damage)
             ... on level 2 of the Dungeon.
             The game lasted 00:04:09 (1551 turns).

Descartes the Shield-Bearer (Formicid Fighter)      Turns: 1551, Time: 00:04:11

Health: -1/37      AC:  7    Str: 23    XL:     4   Next: 25%
Magic:  4/4        EV:  8    Int:  7    God:
Gold:   74         SH:  9    Dex: 13    Spells: 3/3 levels left

rFire   . . .      SeeInvis +   a - +0 war axe
rCold   . . .      Faith    .   j - +0 kite shield
rNeg    . . .      Spirit   .   b - +0 scale mail
rPois   .          Reflect  .   (helmet unavailable)
rElec   .          Harm     .   (no cloak)
rCorr   .          Rampage  .   (no gloves)
Will    .....                   (no boots)
Stlth   ..........              (no amulet)
HPRegen 0.12/turn               (no ring)
MPRegen 0.09/turn               (no ring)

@: no status effects
A: permanent stasis, dig shafts and tunnels, antennae 3, four strong arms
a: Dig, Shaft Self


You were on level 2 of the Dungeon.
You visited 1 branch of the dungeon, and saw 2 of its levels.

You collected 74 gold pieces.

Inventory:

Hand Weapons
 a - a +0 war axe (weapon)
Armour
 b - a +0 scale mail (worn)
 j - a +0 kite shield (worn)
Jewellery
 i - an amulet of magic regeneration
 n - an amulet of regeneration
Scrolls
 e - a scroll of torment {unknown}
 f - a scroll of vulnerability {unknown}
 g - 3 scrolls of identify {unknown}
 h - a scroll of fear {unknown}
 l - a scroll of magic mapping {unknown}
 o - a scroll of teleportation {unknown}
Potions
 c - a potion of flight {unknown}
 d - a potion of might
 k - a potion of berserk rage {unknown}
 m - a potion of curing {unknown}


   Skills:
 + Level 3.9 Fighting
 + Level 2.6 Axes
 + Level 3.8 Armour
 + Level 4.7 Shields


You had 3 spell levels left.
You didn't know any spells.
Your spell library contained the following spells:

 Spells                   Type           Power      Damage    Failure   Level
 Conjure Flame            Conj/Fire      0%         6-21      100%        3
 Ignite Poison            Fire/Tmut/Pois 0%         N/A       100%        3
 Sticky Flame             Conj/Fire      0%         2d3       100%        4


Dungeon Overview and Level Annotations

Branches:
Dungeon (2/15)

Altars:


Innate Abilities, Weirdness & Mutations

You cannot be hasted, slowed, berserked, paralysed or teleported.
You can dig through walls and to a lower floor.
You have a pair of large antennae on your head. (SInv)
Your four strong arms can wield two-handed weapons with a shield.


Message History

The goblin hits you but does no damage. You block the ball python's attack.
The ball python grabs you.
You stop ascending the stairs.
The ball python constricts you.
Unknown command.
You escape the ball python's grasp.
You block the jackal's attack. You block the goblin's attack.
The rat bites you but does no damage.
The jackal bites you but does no damage.
You climb upwards.
There is a stone staircase leading down here.
You miss the goblin. You barely miss the jackal. You hit the ball python.
You kill the ball python!
You barely miss the rat. The jackal bites you. You block the goblin's attack.
The rat barely misses you. You block the jackal's attack.
The goblin hits you with a +0 dagger. The rat bites you.
You slash the goblin!
You kill the goblin!
You hit the jackal. You barely miss the rat.
The jackal bites you but does no damage.
The rat barely misses you.
The jackal bites you but does no damage.
You slash the jackal!
You kill the jackal!
You barely miss the rat. You block the rat's attack.
The rat bites you but does no damage.
You barely miss the rat. You block the rat's attack.
You barely miss the rat. You block the rat's attack.
The rat bites you but does no damage.
You hit the rat.
You kill the rat!
HP restored.
Done exploring.
You climb downwards.
The gnoll hits you with a +0 flail! You block the endoplasm's attack.
The gnoll hits you with a +1 whip of electrocution.
You are electrocuted!
The gnoll hits you but does no damage. You block the gnoll's attack.
The gnoll hits you with a +0 flail. x2
* * * LOW HITPOINT WARNING * * *
You block the endoplasm's attack. The goblin hits you but does no damage.
The gnoll hits you but does no damage.
You are electrocuted!
You die...

#.).......#
#.#.#.#.#.# ###
#.........# ####..
#.#.#.#.#.######....#
#................##..
#.#.#.#.#.........#..
#....................
##.gg#...............
###@gg....÷.......#.
#Jg###..).......#.
#...# #............
##.## ##..........#
#.# #............ #.#
#............ #..
..............
#.####......>.†...
..............


You could see 4 gnolls, an endoplasm and a goblin.

Vanquished Creatures
  An adder (D:2)
  A dart slug (D:1)
  7 bats
  2 endoplasms
  2 giant cockroaches (D:1)
  A goblin (D:1)
  4 hobgoblins (D:1)
  7 jackals
  3 kobolds (D:1)
  A quokka (D:1)
  7 ball pythons
  3 frilled lizards (D:1)
  4 rats (D:1)
43 creatures vanquished.

Notes
Turn   | Place    | Note
-------+----------+-------------------------------------------
     0 | D:1      | Descartes the Formicid Fighter began the quest for the Orb.
     0 | D:1      | Reached XP level 1. HP: 18/18 MP: 1/1
   125 | D:1      | Reached XP level 2. HP: 24/24 MP: 2/2
   339 | D:1      | Reached XP level 3. HP: 29/29 MP: 3/3
  1212 | D:2      | Reached XP level 4. HP: 37/37 MP: 4/4
  1551 | D:2      | Slain by a gnoll

Illustrated notes

Levels and vault maps discovered:
D:1:      dpeg_arrival_tiny_g, layout_loops_ring
D:2:      layout_rooms, serial_glass, glass_columns_c, glass_columns_b

Action                   |  1- 3 |  4- 6 || total
-------------------------+-------+-------++-------
Melee: War axe           |   116 |    13 ||   129
Armor: Scale mail        |    69 |    34 ||   103
Dodge: Dodged            |    45 |    20 ||    65
Block: Buckler           |     9 |       ||     9
       Kite shield       |    48 |    35 ||    83
